Map: [EWC] Oceanborn

Players

herO - Winner!

  • Race: Protoss Protoss
  • Spawn Location: 11:00

Reynor

  • Race: Zerg Zerg
  • Spawn Location: 5:00

Event: Esports World Cup 2024

VOD

Have the link to the VOD?

Description

Time

  • Played on: Aug. 17, 2024, 11:42 a.m.
  • Length: 9:35

All games in this series

Show
View Real Time Build Order
Export as new Build Order

herO Protoss - Winner!

Build Orders: 1 Gate Expand, Oracle Opening 

Get SALT Encoding   

  12  0:00  Probe  
  13  0:13  Pylon  
  13  0:17  Probe (Chrono Boost)  
  14  0:26  Probe (Chrono Boost)  
  15  0:31  Probe (Chrono Boost)  
  16  0:38  Gateway  
  16  0:43  Probe  
  16  0:47  Assimilator  
  17  0:55  Probe  
  18  1:07  Probe  
  19  1:20  Probe  
  20  1:26  Nexus  
  20  1:35  Cybernetics Core  
  20  1:37  Probe  
  21  1:45  Assimilator  
  21  1:50  Probe  
  21  1:53  Pylon  
  22  2:02  Probe  
  23  2:08  Adept (Chrono Boost)  
  23  2:14  Probe  
  26  2:16  Stargate  
  26  2:25  Warp Gate  
  26  2:26  Probe  
  27  2:31  Adept  
  29  2:38  Probe (Chrono Boost)  
  31  2:44  Probe (Chrono Boost)  
  31  2:47  Probe (Chrono Boost)  
  33  2:51  Probe (Chrono Boost)  
  33  2:53  Probe  
  33  2:58  Oracle (Chrono Boost)  
  34  3:05  Probe  
  40  3:06  Probe  
  40  3:11  Pylon  
  41  3:17  Probe  
  41  3:18  Probe  
  43  3:25  Oracle (Chrono Boost)  
  43  3:29  Probe  
  43  3:30  Probe  
  46  3:38  Nexus  
  46  3:41  Pylon  
  46  3:42  Probe  
  46  3:43  Probe  
  48  3:54  Assimilator, Probe  
  48  3:55  Oracle (Chrono Boost), Assimilator, Probe  
  51  4:04  Gateway  
  51  4:08  Probe x2  
  53  4:15  Adept  
  55  4:20  Probe x2  
  55  4:21  Twilight Council  
  55  4:23  Forge  
  57  4:32  Probe x2  
  57  4:34  Gateway  
  57  4:36  Gateway  
  59  4:42  Gateway  
  59  4:45  Stalker  
  61  4:47  Probe  
  61  4:50  Probe  
  61  4:51  Protoss Ground Weapons Level 1  
  63  4:54  Blink (Chrono Boost), Probe  
  63  4:59  Probe  
  65  5:02  Probe (Chrono Boost)  
  65  5:05  Stalker  
  70  5:14  Probe (Chrono Boost)  
  70  5:15  Probe x2 (Chrono Boost)  
  71  5:23  Templar Archives, Probe (Chrono Boost)  
  71  5:24  Pylon  
  71  5:25  Probe x2 (Chrono Boost)  
  74  5:29  Probe  
  74  5:34  Stalker  
  77  5:35  Pylon  
  77  5:37  Pylon  
  77  5:42  Assimilator  
  77  5:43  Assimilator, Probe x2  
  77  5:44  Probe  
  77  5:49  Pylon  
  80  5:50  Stalker x2  
  80  5:54  Robotics Facility  
  84  5:59  Probe x3  
  84  6:00  Psionic Storm  
  84  6:02  Shield Battery, Stalker x2  
  91  6:08  Gateway  
  91  6:12  Probe  
  91  6:17  Probe x2, Photon Cannon  
  94  6:24  Gateway  
  94  6:26  High Templar  
  94  6:31  High Templar  
  98  6:36  Gateway  
  98  6:37  Pylon  
  98  6:38  High Templar  
  100  6:43  Zealot x2  
  100  6:45  Warp Prism (Chrono Boost)  
  104  6:49  Shield Battery, Pylon  
  106  7:01  Charge  
  106  7:06  Zealot, High Templar x2  
  106  7:07  Zealot  
  114  7:10  Gateway  
  114  7:14  Gateway, Observer  
  115  7:17  Protoss Ground Weapons Level 2 (Chrono Boost)  
  115  7:18  Photon Cannon  
  115  7:23  Stalker x2  
  115  7:26  Photon Cannon  
  115  7:28  Stalker  
  121  7:33  Photon Cannon  
  121  7:36  Pylon  
  121  7:39  Zealot x2  
  121  7:43  Pylon  
  125  7:44  Pylon  
  125  7:45  Pylon  
  125  7:51  Pylon  
  129  8:00  Stalker x2  
  129  8:01  Stalker x6  
  129  8:02  Observer  
  129  8:04  Pylon  
  142  8:17  Stalker  
  142  8:18  Stalker  
  146  8:26  Stalker x5  
  156  8:31  Stalker x3  
  158  8:44  Stalker x2  
  145  8:51  Stalker x5  
  153  8:56  Warp Prism (Chrono Boost)  
  149  9:06  Stalker x3  
  141  9:26  Archon x2  
  141  9:27  Stalker x3  
  141  9:28  Stalker x4  
Show
View Real Time Build Order
Export as new Build Order

Reynor Zerg 

Build Orders: Hatch First 

Get SALT Encoding   

  12  0:00  Drone  
  13  0:12  Overlord  
  13  0:16  Drone  
  14  0:30  Drone x2  
  16  0:47  Hatchery  
  15  0:50  Drone  
  15  0:55  Drone  
  17  0:58  Drone  
  18  1:08  Extractor  
  17  1:14  Spawning Pool  
  17  1:17  Drone  
  17  1:21  Drone  
  18  1:27  Drone  
  19  1:38  Drone  
  20  1:48  Overlord  
  20  2:01  Drone, Queen x2  
  20  2:02  Drone  
  26  2:11  Zergling x4  
  26  2:13  Metabolic Boost  
  28  2:20  Drone  
  28  2:21  Drone  
  30  2:31  Drone  
  30  2:33  Drone  
  32  2:42  Hatchery  
  31  2:45  Drone  
  31  2:46  Overlord  
  32  2:52  Queen  
  32  2:55  Zergling x2  
  35  3:01  Zergling x2  
  35  3:04  Drone  
  35  3:05  Drone  
  38  3:06  Queen  
  38  3:09  Drone  
  40  3:14  Spore Crawler  
  40  3:18  Overlord  
  40  3:20  Drone x2  
  40  3:23  Drone  
  40  3:25  Drone  
  44  3:33  Overlord  
  44  3:36  Drone, Queen  
  46  3:42  Drone  
  46  3:46  Drone  
  46  3:48  Queen  
  50  3:49  Drone  
  50  3:50  Drone  
  50  3:52  Drone  
  52  3:57  Drone x2  
  52  3:58  Drone  
  55  4:03  Spore Crawler  
  55  4:04  Spore Crawler  
  55  4:06  Queen  
  55  4:08  Drone  
  56  4:11  Overlord  
  56  4:14  Drone x2  
  58  4:18  Drone x2  
  62  4:24  Drone x2, Evolution Chamber  
  61  4:31  Drone x2  
  61  4:32  Drone x2  
  61  4:34  Zergling x6  
  61  4:38  Drone x2  
  70  4:41  Drone x2  
  72  4:47  Roach Warren  
  72  4:49  Overlord  
  71  4:53  Drone x2, Zerg Melee Weapons Level 1  
  73  5:02  Overlord  
  73  5:08  Drone x5, Hatchery  
  73  5:09  Drone  
  73  5:11  Drone  
  79  5:15  Overlord  
  79  5:17  Overlord  
  79  5:21  Lair  
  79  5:25  Drone x2  
  79  5:27  Overlord, Extractor x2  
  79  5:28  Zergling x4  
  81  5:33  Overlord  
  81  5:38  Zergling x10  
  81  5:40  Drone  
  88  5:42  Drone  
  88  5:43  Spore Crawler, Queen  
  88  5:45  Zergling x2  
  88  5:47  Overlord  
  90  5:51  Drone x2  
  90  5:53  Extractor  
  92  5:57  Drone x2  
  92  6:01  Overlord  
  92  6:03  Drone x2  
  94  6:08  Drone x4  
  94  6:10  Drone  
  99  6:15  Zergling x10  
  104  6:20  Overseer  
  104  6:23  Drone x3  
  104  6:24  Drone x2, Spire  
  104  6:25  Hatchery, Extractor  
  106  6:26  Extractor  
  106  6:27  Overlord  
  106  6:32  Spore Crawler  
  104  6:33  Spore Crawler  
  104  6:41  Zergling x6  
  104  6:44  Drone x3  
  104  6:45  Drone x4  
  104  6:46  Glial Reconstitution  
  112  6:48  Drone  
  112  6:49  Overlord  
  112  6:50  Zerg Melee Weapons Level 2  
  112  6:51  Baneling Nest  
  112  6:58  Drone  
  112  7:01  Drone x2  
  108  7:05  Overlord  
  108  7:08  Drone x3  
  110  7:09  Drone  
  110  7:11  Extractor  
  109  7:17  Drone x3  
  109  7:19  Drone x2  
  109  7:21  Extractor  
  113  7:23  Overlord  
  113  7:26  Roach x8  
  113  7:27  Zergling x6, Roach x2  
  113  7:29  Roach  
  138  7:36  Roach x3  
  144  7:38  Overlord  
  144  7:40  Centrifugal Hooks  
  144  7:41  Drone  
  144  7:44  Infestation Pit  
  144  7:46  Drone  
  144  7:47  Roach x3  
  144  7:49  Zergling x2, Roach x4  
  144  7:50  Zergling x2  
  161  7:53  Overlord  
  161  7:58  Drone x2  
  163  7:59  Spore Crawler  
  163  8:03  Drone  
  163  8:06  Roach  
  163  8:07  Zergling x2, Roach x4  
  163  8:09  Overlord  
  163  8:10  Baneling x2  
  163  8:11  Overlord  
  174  8:12  Overseer  
  174  8:15  Roach  
  171  8:20  Ravager x4  
  171  8:23  Zergling x4, Roach x4  
  171  8:26  Overlord  
  180  8:29  Zergling x2, Roach x2  
  180  8:32  Ravager  
  167  8:35  Ravager x2  
  167  8:36  Roach  
  167  8:37  Roach x2  
  168  8:42  Roach  
  168  8:45  Roach x2  
  155  8:51  Zergling x6, Roach  
  155  8:52  Zergling x2  
  155  8:55  Roach x2  
  142  8:57  Roach  
  129  9:03  Zergling x2, Roach x4  
  129  9:04  Ravager x3  
  129  9:05  Ravager  
  129  9:08  Roach  
  134  9:14  Roach  
  134  9:15  Roach x3  
Tags
 
Add a new tag
Caveats
  • Supply blocks, unpowered buildings, or Contaminate may cause inaccurate times.
  • Supply counts are checked every 10 seconds.